 Dungeon Crawl Stone Soup version 0.27-a0-972-gd1521fd518 (webtiles) character file.

Game seed: 4321652535591091458

3532 Morbidden the Destroyer (level 10, -3/49 HPs)
             Began as a Vine Stalker Conjurer on Apr 13, 2021.
             Was a Priest of Cheibriados.
             Slain by Harold
             ... wielding a +0 mace
              (11 damage)
             ... on level 8 of the Dungeon.
             The game lasted 00:12:31 (7990 turns).

Morbidden the Destroyer (Vine Stalker Conjurer)     Turns: 7990, Time: 00:12:32

Health: -3/49      AC:  5    Str: 21    XL:     10   Next: 8%
Magic:  0/22       EV:  9    Int: 29    God:    Cheibriados [***...]
Gold:   447        SH:  0    Dex: 22    Spells: 20/23 levels left

rFire    . . .     SeeInvis .   a - +3 dagger (venom)
rCold    . . .     Faith    .   (no shield)
rNeg     . . .     Spirit   +   s - +5 chain mail of Distant Worlds {Fly Str+4}
rPois    .         Reflect  .   A - +0 helmet
rElec    .         Harm     .   y - +0 cloak
rCorr    .         Rampage  .   (no gloves)
Will     +....                  e - +0 pair of boots
Stlth    ..........             v - amulet of regeneration
HPRegen  2.16/turn              (no ring)
MPRegen  0.18/turn              (no ring)

@: about to teleport, corroded, flying, very slow
A: fangs 3, regeneration 1, magic shield, antimagic bite, no potion heal 2
a: Renounce Religion, Bend Time, Temporal Distortion


You were on level 8 of the Dungeon.
You worshipped Cheibriados.
Cheibriados was most pleased with you.
You visited 1 branch of the dungeon, and saw 8 of its levels.

You collected 447 gold pieces.

Inventory:

Hand Weapons
 a - a +3 dagger of venom (weapon)
Missiles
 f - 5 javelins
 q - 10 boomerangs
 t - 2 throwing nets
 D - 4 curare-tipped darts (quivered)
Armour
 e - a +0 pair of boots (worn)
 s - the +5 chain mail of Distant Worlds (worn) {Fly Str+4}
   (You found it on level 4 of the Dungeon)

   It affects your strength (+4).
   It grants you flight.
 y - a +0 cloak (worn)
 A - a +0 helmet (worn)
Magical Staves
 d - a staff of death
 l - a staff of poison
Jewellery
 v - an amulet of regeneration (around neck)
Wands
 o - a wand of flame (27)
 r - a wand of acid (12)
Scrolls
 b - a scroll of vulnerability
 g - 3 scrolls of amnesia
 h - 5 scrolls of identify
 p - a scroll of enchant weapon
 C - 2 scrolls of noise
Potions
 c - a potion of degeneration {unknown}
 i - a potion of curing
 k - a potion of mutation {unknown}
 m - a potion of might {unknown}
 n - a potion of invisibility {unknown}
 u - a potion of cancellation {unknown}
 w - 2 potions of flight {unknown}
 x - a potion of resistance
 z - a potion of heal wounds {unknown}


   Skills:
 * Level 4.1 Fighting
 + Level 3.2 Short Blades
 + Level 3.9 Armour
 + Level 2.7 Dodging
 + Level 3.8 Stealth
 * Level 7.4 Spellcasting
 * Level 8.0 Conjurations
 * Level 4.9 Invocations


You had 20 spell levels left.
You knew the following spells:

 Your Spells              Type           Power      Damage    Failure   Level
a - Magic Dart            Conj           100%       1d8       1%          1
b - Searing Ray           Conj           100%       3d7       2%          2

Your spell library contained the following spells:

 Spells                   Type           Power      Damage    Failure   Level
 Dazzling Flash           Conj/Hex       66%        N/A       26%         3
 Fulminant Prism          Conj/Hex       16%        3d11      63%         4
 Iskenderun's Mystic Bla  Conj/Tloc      33%        2d8       63%         4
 Confusing Touch          Hex            10%        N/A       78%         3
 Gell's Gravitas          Tloc           5%         N/A       78%         3
 Petrify                  Tmut/Erth      10%        N/A       99%         4
 Metabolic Englaciation   Hex/Ice        5%         N/A       100%        5
 Yara's Violent Unravell  Hex/Tmut       5%         3d4       100%        5


Dungeon Overview and Level Annotations

Branches:
Dungeon (8/15)             Temple (0/1) D:5
   Lair: D:8-11

Altars:
Cheibriados
Dithmenos
Makhleb
Qazlal
Sif Muna
Trog
Yredelemnul
The Shining One

Shops:
D:1 [   D:2 *   D:6 ?

Annotations:
D:8 Harold


Innate Abilities, Weirdness & Mutations

You have razor-sharp teeth.
Your natural rate of healing is unusually fast.
When hurt, damage is shared between your health and your magic reserves.
Your bite disrupts and absorbs the magic of your enemies.
Potions cannot restore your health.


Message History

The jelly is almost dead.
Unknown command.
Throw: 7 darts (curare)
Press: ? - help, Q - select action, (/) - cycle Shift-Dir - straight line, f - jelly
Aim: a jelly (almost dead, very poisoned, 91% to hit)
Okay, then.
You kill the jelly!
Cheibriados appreciates the change of pace.
Found a glowing scarf.
Throw: 7 darts (curare)
Press: ? - help, Q - select action, (/) - cycle Shift-Dir - straight line, f - Harold
Aim: Harold, wielding a +0 mace, wearing a +0 chain mail and quivering 5 throwing nets (unusually resistant, 78% to hit)
You throw a curare-tipped dart. The curare-tipped dart hits Harold.
Harold hits you with a +0 mace!
Unknown command.
Throw: 6 darts (curare)
Press: ? - help, Q - select action, (/) - cycle Shift-Dir - straight line, f/p - Harold
Aim: Harold, wielding a +0 mace, wearing a +0 chain mail and quivering 5 throwing nets (unusually resistant, 78% to hit)
You throw a curare-tipped dart. The curare-tipped dart hits Harold.
Harold hits you with a +0 mace!
Unknown command.
Throw: 5 darts (curare)
Press: ? - help, Q - select action, (/) - cycle Shift-Dir - straight line, f/p - Harold
Aim: Harold, wielding a +0 mace, wearing a +0 chain mail and quivering 5 throwing nets (unusually resistant, 78% to hit)
You throw a curare-tipped dart.
The curare-tipped dart closely misses Harold.
Harold hits you with a +0 mace!!
As you read the scroll of teleportation, it crumbles to dust.
You feel strangely unstable. Harold hits you with a +0 mace!
Unknown command.
Unknown command.
Unknown command.
Unknown command.
Unknown command.
Harold fires a harpoon shot at you. The harpoon shot hits you!!
* * * LOW HITPOINT WARNING * * *
You are yanked forward by the harpoon shot.
Harold hits you with a +0 mace!
You die...

#.... ...###.. ..... .##
..#.#.. ....[# ..## .......
......# ...## ......
........ ....## .....
..#.....## ....... #...
..#......##.##...######...
........@o.#......#).#)).
##.....##@...........)...
###.....#(..........##....
#.........†..#.....<.##...
.#.........####.......#....
........##..#..............
........##......##..<..#...
##......##.##...####.####..
#........#.......###.#.....


You could see Harold (resistant) and an orc.

Vanquished Creatures
  A hornet (D:7)
  Grinder (D:5)
  4 yaks (D:7)
  A steam dragon (D:8)
  A vampire mosquito (D:8)
  A black bear (D:4)
  An orc warrior (D:6)
  An ice beast (D:5)
  An ogre (D:5)
  A centaur (D:8)
  2 phantoms (D:7)
  2 bullfrogs (D:7)
  3 scorpions
  A water moccasin zombie (D:6)
  3 howler monkeys (D:8)
  5 wights (D:8)
  3 bullfrog zombies
  2 centaur zombies
  3 hounds
  A gnoll shaman (D:4)
  2 orc priests
  3 jellies
  A bullfrog skeleton (D:6)
  3 iguanas
  An orc wizard (D:6)
  A killer bee zombie (D:5)
  An adder (D:3)
  6 gnolls (D:4)
  A white imp (D:5)
  An adder skeleton (D:4)
  3 worms
  5 dart slugs
  5 orcs
  7 bats
  6 endoplasms
  15 giant cockroaches
  5 goblins
  8 hobgoblins
  15 jackals
  4 kobolds
  5 quokkas
  2 ball pythons
  3 frilled lizards
  5 rats
146 creatures vanquished.

Vanquished Creatures (others)
  6 plants (D:3)
6 creatures vanquished.

Grand Total: 152 creatures vanquished

Notes
Turn   | Place    | Note
-------+----------+-------------------------------------------
     0 | D:1      | Morbidden the Vine Stalker Conjurer began the quest for the
                  | Orb.
     0 | D:1      | Reached XP level 1. HP: 9/9 MP: 4/4
   335 | D:1      | Reached XP level 2. HP: 13/13 MP: 4/6
   785 | D:1      | Found Ushov's Armour Emporium.
   885 | D:1      | Learned a level 2 spell: Searing Ray
  1046 | D:2      | Reached XP level 3. HP: 17/17 MP: 4/7
  1502 | D:2      | Found a shimmering blue altar of Sif Muna.
  1557 | D:2      | Found Meloux's General Store.
  1760 | D:2      | Found a faded altar of an unknown god.
  2201 | D:3      | Reached skill level 1 in Fighting
  2201 | D:3      | Reached skill level 5 in Conjurations
  2201 | D:3      | Gained mutation: Your natural rate of healing is unusually
                  | fast. [Vine Stalker growth]
  2201 | D:3      | Reached XP level 4. HP: 8/22 MP: 0/9
  2433 | D:3      | Found a snail-covered altar of Cheibriados.
  2503 | D:3      | Became a worshipper of Cheibriados the Contemplative
  2713 | D:3      | Found a stormy altar of Qazlal.
  2947 | D:3      | Reached XP level 5. HP: 25/25 MP: 8/10
  2985 | D:3      | Reached * piety under Cheibriados
  4123 | D:4      | Noticed a black bear
  4131 | D:4      | Killed a black bear
  4132 | D:4      | Reached skill level 1 in Short Blades
  4132 | D:4      | Reached skill level 1 in Invocations
  4132 | D:4      | Reached XP level 6. HP: 28/30 MP: 3/12
  4393 | D:4      | Identified the +5 chain mail of Distant Worlds {Fly Str+4}
  4463 | D:4      | Reached ** piety under Cheibriados
  4552 | D:4      | Found a glowing golden altar of the Shining One.
  4798 | D:4      | Found a bloodstained altar of Trog.
  4798 | D:4      | Found a burning altar of Makhleb.
  4816 | D:5      | Entered Level 5 of the Dungeon
  4868 | D:5      | Reached XP level 7. HP: 34/34 MP: 5/14
  4877 | D:5      | Reached skill level 6 in Conjurations
  5562 | D:5      | Found a staircase to the Ecumenical Temple.
  5580 | D:5      | Noticed Grinder
  5592 | D:5      | Killed Grinder
  5593 | D:5      | Reached skill level 5 in Spellcasting
  5593 | D:5      | Gained mutation: You have razor-sharp teeth. [Vine Stalker
                  | growth]
  5593 | D:5      | Reached XP level 8. HP: 28/39 MP: 10/16
  5649 | D:5      | Found a shadowy altar of Dithmenos.
  5964 | D:6      | Reached skill level 1 in Armour
  6022 | D:6      | Found Raefypp's Magic Scroll Boutique.
  6168 | D:6      | Reached *** piety under Cheibriados
  6536 | D:7      | Found a basalt altar of Yredelemnul.
  6800 | D:7      | Noticed a yak
  6800 | D:7      | Noticed a yak
  6800 | D:7      | Noticed a yak
  6800 | D:7      | Noticed a yak
  6805 | D:7      | Killed a yak
  6806 | D:7      | Reached XP level 9. HP: 44/44 MP: 12/18
  6809 | D:7      | Reached skill level 7 in Conjurations
  7311 | D:7      | Noticed a hornet
  7318 | D:7      | Killed a hornet
  7879 | D:8      | Reached XP level 10. HP: 49/49 MP: 20/22
  7895 | D:8      | Reached skill level 8 in Conjurations
  7976 | D:8      | Noticed Harold
  7990 | D:8      | Slain by Harold

Illustrated notes

Levels and vault maps discovered:
D:1:      lemuel_arrival_broad_hall, layout_basic, serial_shops,
          nicolae_shop_trees, minmay_pentomino_q2
D:2:      layout_basic, serial_shops, nicolae_shop_stone,
          hellmonk_ecumenical_altar_run_dry, basic_altar,
          grunt_decor_one_mirror, kennysheep_generic_room_7
D:3:      minmay_roachtagon, layout_loops_corners, general_overflow_altar,
          overflow_temple_1_default, grunt_decor_clamped, serial_bayou_crossing
D:4:      layout_basic, nicolae_tso_carved_into_rock,
          gammafunk_temple_overflow_wave, minmay_unequal
D:5:      layout_basic, kennysheep_little_box, minmay_temple_entry_proselytizer,
          minmay_crystal_water, uniq_grinder
D:6:      layout_rooms, serial_shops, shop_scrolls, serial_bayou_pond_d
D:7:      layout_loops_corners, amcnicky_altar_gilded
D:8:      layout_cave_pools, nicolae_overflow_crystal_walls, lemuel_tele_altar,
          gammafunk_ghost_berserking_beasts, hangedman_decor_growths,
          minmay_pinched_square, uniq_harold

Skill      XL: |  1  2  3  4  5  6  7  8  9 10 |
---------------+-------------------------------+-----
Fighting       | 1 2 3 4 |  4.1
Conjurations   | 5 6 7 8 |  8.0
Spellcasting   | 3 4 5 7 |  7.4
Short Blades   | 1 2 3 |  3.2
Stealth        | 3 |  3.8
Invocations    | 1 2 3 4 |  4.9
Dodging        | 2 |  2.7
Armour         | 2 3 |  3.9

Action                   |  1- 3 |  4- 6 |  7- 9 | 10-12 || total
-------------------------+-------+-------+-------+-------++-------
Melee: Unarmed           |     5 |       |       |       ||     5
       Bite              |     7 |    14 |    74 |    18 ||   113
       Dagger            |    18 |    45 |   137 |    34 ||   234
Throw: Dart              |       |       |       |     3 ||     3
 Cast: Magic Dart        |    77 |    70 |    38 |     1 ||   186
       Searing Ray       |       |    10 |    25 |       ||    35
  Use: Scroll            |       |       |    11 |     2 ||    13
       Potion            |       |       |       |     1 ||     1
Armor: Robe              |     6 |    13 |    10 |       ||    29
       Chain mail        |       |       |   139 |    28 ||   167
Dodge: Dodged            |     8 |    41 |   139 |    11 ||   199

Table legend: (Time is in decaauts)
 A = Elapsed time spent in this place.
 B = Non-inter-level travel time spent in this place.
 C = Inter-level travel time spent in this place.
 D = Time resting spent in this place.
 E = Time spent auto-exploring this place.
 F = Levels seen in this place.
 G = Mean time per level.
                   A        B        C        D        E       F      G
               +--------+--------+--------+--------+--------+-----+--------+
         Total |   9624 |   9235 |    389 |    171 |   8083 |   8 | 1203.0 |
       Dungeon |   9624 |   9235 |    389 |    171 |   8083 |   8 | 1203.0 |
               +--------+--------+--------+--------+--------+-----+--------+

Top non-repeatable levels by time:
     D:3: 1787 daAuts
     D:7: 1615 daAuts
     D:4: 1425 daAuts
     D:5: 1379 daAuts
     D:2: 1208 daAuts
     D:1: 929 daAuts
     D:6: 903 daAuts
     D:8: 377 daAuts
